 Dungeon Crawl Stone Soup version 0.21-a0-67-g3f13d09 (webtiles) character file.

12686 xgamer67 the Basher (level 12, -7/86 HPs)
             Began as a Human Gladiator on June 18, 2017.
             Was a Priest of Yredelemnul.
             Mangled by a freezing wraith (20 damage)
             ... on level 12 of the Dungeon.
             The game lasted 00:32:57 (9230 turns).

xgamer67 the Basher (Human Gladiator)               Turns: 9230, Time: 00:32:58

Health: -7/86      AC: 21    Str: 21    XL:     12   Next: 23%
Magic:  17/17      EV:  9    Int:  8    God:    Yredelemnul [***...]
Gold:   687        SH:  8    Dex: 18    Spells: 11/11 levels left

rFire    + . .     SeeInvis .   a - +2 whip (elec)
rCold    . . .     Gourm    .   L - +2 buckler
rNeg     . . .     Faith    .   x - +0 plate armour
rPois    .         Spirit   .   c - +1 helmet
rElec    .         Reflect  .   B - +0 cloak {+Inv}
rCorr    .         Harm     .   n - +0 pair of gloves
MR       .....                  t - +2 pair of boots
Stlth    ..........             j - amulet of regeneration
HPRegen  0.64/turn              p - +4 ring of dexterity
MPRegen  0.15/turn              I - ring of protection from fire

@: barbed spikes, very slightly contaminated, invisible
A: no striking features
a: Recall Undead Slaves, Injury Mirror, Animate Dead, Renounce Religion


You were on level 12 of the Dungeon.
You worshipped Yredelemnul.
Yredelemnul was most pleased with you.
You were hungry.

You visited 1 branch of the dungeon, and saw 12 of its levels.
You also visited: Sewer.

You collected 687 gold pieces.

Inventory:

Hand Weapons
 a - a +2 whip of electrocution (weapon)
 q - a +1 quarterstaff
Missiles
 d - 3 curare-tipped needles
 h - 5 throwing nets (quivered)
Armour
 c - a +1 helmet (worn)
 n - a +0 pair of gloves (worn)
 t - a +2 pair of boots (worn)
 x - a +0 plate armour (worn)
 B - a +0 cloak of invisibility (worn)
 L - a +2 buckler (worn)
Jewellery
 j - an amulet of regeneration (around neck)
 p - a +4 ring of dexterity (left hand)
 I - a ring of protection from fire (right hand)
 N - a +2 ring of intelligence
Wands
 b - a wand of lightning (10/15)
 o - a wand of flame (22/48)
 u - a wand of iceblast (3/15)
 J - a wand of disintegration (8/24)
 O - a wand of paralysis (10/24)
Scrolls
 g - 5 scrolls of magic mapping
 k - 3 scrolls of amnesia
 r - 4 scrolls of remove curse
 w - a scroll of enchant weapon
 y - a scroll of blinking
 A - 2 scrolls of enchant armour
 D - 3 scrolls of teleportation
 K - 2 scrolls of fog
Potions
 e - 8 potions of curing
 i - 5 potions of heal wounds
 l - a potion of mutation
 m - 3 potions of agility
 s - 2 potions of lignification
 z - 4 potions of flight
 C - a potion of might
 G - a potion of resistance
 M - a potion of degeneration {unknown}
 Q - a potion of brilliance {unknown}
Books
 v - a book of Misfortune

   Spells                             Type                      Level
   a - Confusing Touch                Hexes                        1
   b - Confuse                        Hexes                        3
   c - Gell's Gravitas                Translocation                3
   d - Petrify                        Transmutation/Earth          4
   e - Metabolic Englaciation         Hexes/Ice                    5
   f - Yara's Violent Unravelling     Hexes/Transmutation          5
Comestibles
 f - 11 bread rations
 F - 6 fruits
 H - 4 meat rations
 P - 6 royal jellies


   Skills:
 - Level 5.0 Fighting
 - Level 11.3(12.0) Maces & Flails
 - Level 7.0(10.1) Staves
 - Level 2.0 Throwing
 - Level 7.1 Armour
 + Level 4.3 Dodging
 - Level 5.0 Shields
 - Level 7.0 Invocations
 + Level 5.5 Evocations


You had 11 spell levels left.
You didn't know any spells.

Dungeon Overview and Level Annotations

Branches:
Dungeon (12/15)            Temple (0/1) D:4            Lair (0/6) D:9
    Orc: D:9-12

Altars:
Cheibriados
Gozag
Okawaru
Trog
Uskayaw
Vehumet
Yredelemnul

Shops:
D:8 :   D:11 (

Annotations:
D:3 1 runed door


Message History

The manticore flicks its tail.
The volley of spikes hits you!
The two-headed ogre hits you with a giant club.
The two-headed ogre hits you with a giant club!!
* * * LOW HITPOINT WARNING * * *
Blink to where?
Press: ? - help, Dir - move target cursor You are very lightly contaminated with residual magic.
As you read the scroll of blinking, it crumbles to dust.
The freezing wraith hits you but does no damage.
The freezing wraith closely misses you.
You climb downwards.
There is a stone staircase leading up here.
Okay, then.
You fade into invisibility!
The freezing wraith hits you!
* * * LOW HITPOINT WARNING * * *
The freezing wraith freezes you!!
You die...
Your body rises from the dead as a mindless zombie.

####.
###......
#@W......
#...#######.
##.u ##. ..
#. ##


You could see a red ugly thing (wandering) and a freezing wraith.

Vanquished Creatures
  2 hydras (D:11)
  Erica (D:8)
  2 two-headed ogres
  Psyche (D:8)
  2 trolls
  Grinder (D:5)
  Prince Ribbit (D:5)
  4 hippogriffs
  2 wyverns
  Eustachio (D:5)
  3 hogs (D:11)
  A yak (D:11)
  Grum (D:11)
  A hungry ghost (D:8)
  A human (D:11)
  Menkaure (D:7)
  An acid dragon (D:11)
  2 orc warriors
  A hell hound (D:9)
  A black bear (D:8)
  An eye of draining (D:10)
  2 ice beasts
  2 sky beasts
  2 necrophages
  3 ogres
  4 phantoms
  A wolf (D:11)
  7 centaurs
  A big kobold (D:8)
  6 bullfrogs
  A wyvern zombie (D:7)
  A water moccasin zombie (D:7)
  5 scorpions
  3 howler monkeys
  4 crimson imps
  2 centaur zombies
  4 hounds
  2 jellies
  2 bullfrog skeletons
  A centaur skeleton (D:11)
  6 orc priests
  A gnoll shaman (D:9)
  Jessica (D:3)
  Terence (D:3)
  2 iguanas
  9 orc wizards
  7 worker ants
  A hound skeleton (D:10)
  3 gnolls (D:9)
  17 adders
  An ooze (D:3)
  2 adder skeletons
  A worm (D:4)
  2 dart slugs
  10 leopard geckos
  37 orcs
  6 ball pythons
  10 giant cockroaches
  9 goblins
  7 hobgoblins
  13 jackals
  4 quokkas
  8 bats
  4 frilled lizards
  2 gnoll zombies (D:2)
  A jackal skeleton (D:8)
  5 kobolds
  A leopard gecko skeleton (D:4)
  8 rats
263 creatures vanquished.

Vanquished Creatures (collateral kills)
  2 two-headed ogres (D:10)
  A hungry ghost (D:8)
  A hell hound (D:9)
  An ogre (D:6)
  A wolf (D:11)
  A howler monkey (D:6)
  A crimson imp (D:6)
  An orc wizard (D:5)
  An iguana (D:6)
  A worker ant (D:6)
  A worker ant zombie (D:9)
  2 gnolls (D:9)
  An adder skeleton (D:4)
  2 leopard geckos (D:4)
  An orc (D:6)
  A giant cockroach (Sewer)
  3 jackals
  2 quokkas
  2 bats (Sewer)
  A jackal skeleton (D:7)
27 creatures vanquished.

Vanquished Creatures (others)
  A hog skeleton (D:11)
  A wight (D:11)
  A wolf zombie (D:11)
  A bullfrog zombie (D:8)
  A centaur zombie (D:6)
  A hound zombie (D:11)
  A mummy (D:11)
  4 orc zombies
  An adder zombie (D:5)
  A quokka skeleton (D:6)
  A quokka zombie (D:6)
14 creatures vanquished.

Grand Total: 304 creatures vanquished

Notes
Turn   | Place    | Note
-------+----------+-------------------------------------------
     0 | D:1      | xgamer67 the Human Gladiator began the quest for the Orb.
     0 | D:1      | Reached XP level 1. HP: 16/16 MP: 1/1
   267 | D:1      | Reached XP level 2. HP: 22/22 MP: 2/2
   764 | D:2      | Reached XP level 3. HP: 25/27 MP: 3/3
   839 | D:2      | Found a basalt altar of Yredelemnul.
   892 | D:2      | Became a worshipper of Yredelemnul the Dark
  1071 | D:2      | Found a snail-covered altar of Cheibriados.
  1328 | D:3      | Noticed Jessica
  1338 | D:3      | Killed Jessica
  1338 | D:3      | Reached XP level 4. HP: 22/33 MP: 4/4
  1350 | D:3      | Reached skill level 5 in Staves
  1412 | D:3      | Found a bloodstained altar of Trog.
  1489 | D:3      | Reached * piety under Yredelemnul
  1508 | D:3      | Reached XP level 5. HP: 38/38 MP: 5/5
  1622 | D:3      | Found a runed door.
  1641 | D:3      | Noticed Terence
  1675 | D:3      | Killed Terence
  1968 | D:4      | Found a staircase to the Ecumenical Temple.
  1976 | D:4      | Reached XP level 6. HP: 44/44 MP: 6/6
  2078 | D:4      | Noticed a phantom
  2118 | D:4      | Killed a phantom
  2307 | D:4      | Reached ** piety under Yredelemnul
  2439 | D:4      | Reached skill level 1 in Armour
  2456 | D:4      | Reached XP level 7. HP: 50/50 MP: 7/7
  2912 | D:5      | Entered Level 5 of the Dungeon
  2987 | D:5      | Noticed Grinder
  3185 | D:5      | Reached skill level 5 in Armour
  3185 | D:5      | Reached XP level 8. HP: 50/56 MP: 8/8
  3328 | D:5      | Noticed Prince Ribbit
  3338 | D:5      | Killed Prince Ribbit
  3619 | D:5      | Noticed Eustachio
  3650 | D:5      | Killed Grinder
  3653 | D:5      | Killed Eustachio
  3653 | D:5      | Reached XP level 9. HP: 55/67 MP: 9/9
  3702 | D:5      | Found a radiant altar of Vehumet.
  3940 | D:5      | Reached skill level 5 in Fighting
  3940 | D:5      | Reached skill level 1 in Maces & Flails
  3971 | D:6      | Noticed a troll
  4024 | D:6      | Reached skill level 1 in Invocations
  4093 | D:6      | Identified a scroll of acquirement
  4115 | D:6      | Reached skill level 2 in Maces & Flails
  4242 | D:6      | Killed a troll
  4242 | D:6      | Reached skill level 3 in Maces & Flails
  4299 | D:6      | Reached *** piety under Yredelemnul
  4354 | D:6      | Found a glowing drain.
  4393 | Sewer    | Entered a sewer
  5121 | D:6      | Reached skill level 4 in Maces & Flails
  5430 | D:7      | Noticed a two-headed ogre
  5550 | D:7      | Noticed a hippogriff
  5555 | D:6      | Reached skill level 5 in Invocations
  5560 | D:6      | Reached **** piety under Yredelemnul
  5586 | D:6      | Killed a hippogriff
  5586 | D:6      | Reached skill level 5 in Maces & Flails
  5586 | D:6      | Reached XP level 10. HP: 69/74 MP: 12/14
  5586 | D:6      | Received a gift from Yredelemnul (a mummy)
  5811 | D:7      | Noticed Menkaure
  5817 | D:7      | Killed Menkaure
  5817 | D:7      | Reached skill level 6 in Maces & Flails
  6164 | D:8      | Noticed Erica
  6190 | D:8      | Killed Erica
  6190 | D:8      | Reached skill level 7 in Maces & Flails
  6239 | D:8      | Noticed Psyche
  6252 | D:8      | Killed Psyche
  6252 | D:8      | Reached skill level 8 in Maces & Flails
  6395 | D:8      | Reached skill level 9 in Maces & Flails
  6570 | D:8      | Reached XP level 11. HP: 79/79 MP: 16/16
  6594 | D:8      | Found Zeugger's Book Shop.
  6646 | D:8      | Noticed a two-headed ogre
  6654 | D:8      | Killed a two-headed ogre
  6654 | D:8      | Reached skill level 10 in Maces & Flails
  7420 | D:9      | Found a staircase to the Lair.
  7802 | D:9      | Found an iron altar of Okawaru.
  7802 | D:9      | Found an opulent altar of Gozag.
  8119 | D:9      | Reached skill level 11 in Maces & Flails
  8119 | D:9      | Reached skill level 1 in Shields
  8148 | D:10     | Entered Level 10 of the Dungeon
  8244 | D:10     | Reached ***** piety under Yredelemnul
  8266 | D:10     | Found a hide-covered altar of Uskayaw.
  8391 | D:10     | Reached skill level 1 in Evocations
  8393 | D:10     | Noticed a two-headed ogre
  8422 | D:10     | Killed a two-headed ogre
  8526 | D:10     | Noticed a two-headed ogre
  8542 | D:10     | Killed a two-headed ogre
  8843 | D:11     | Found Umoicvim's Antique Weapon Boutique.
  8984 | D:11     | Noticed Grum
  8986 | D:11     | Noticed an eight-headed hydra
  9015 | D:11     | Killed Grum
  9061 | D:11     | Noticed a manticore
  9097 | D:11     | Noticed a two-headed ogre
  9104 | D:11     | Killed a two-headed ogre
  9104 | D:11     | Reached skill level 5 in Shields
  9104 | D:11     | Reached XP level 12. HP: 46/86 MP: 17/17
  9153 | D:11     | Received a gift from Yredelemnul (a wight)
  9154 | D:11     | Noticed a six-headed hydra
  9166 | D:11     | Killed a six-headed hydra
  9166 | D:11     | Reached skill level 5 in Evocations
  9173 | D:11     | Killed an eight-headed hydra
  9195 | D:11     | Noticed a two-headed ogre
  9230 | D:12     | Mangled by a freezing wraith

Vault maps used:
D:1:      dpeg_arrival_arbitrary_c
D:2:      kennysheep_slug_shrine, lemuel_zombie_altar_yredelemnul
D:3:      lemuel_round_altar, first_bread, minmay_misc_feat_five,
          uniq_crazy_yiuf_cottage, uniq_terence, uniq_jessica
D:4:      minmay_temple_entry_junction
D:5:      vehumet_altar_wand_db, uniq_grinder, uniq_prince_ribbit1,
          uniq_eustachio
D:6:      gup_sewer_entry_glass
D:7:      uniq_menkaure
D:8:      serial_shops, kennysheep_mini_moat, kennysheep_generic_room_6,
          uniq_erica, uniq_psyche
D:9:      chequers_temple_overflow_statue_of_worship, minmay_lair_entry_lava
D:10:     basic_altar
D:11:     minmay_the_grid_octo_2x2, orc_0_dummy, serial_shops, shop,
          grunt_livestock, uniq_grum
D:12:     worms_lemuel
Sewer:    sewer_fruit_machine

Skill      XL: |  1  2  3  4  5  6  7  8  9 10 11 12 |
---------------+-------------------------------------+-----
Staves         | 4 5 6 7 |  7.0
Armour         | 1 5 7 |  7.1
Fighting       | 4 5 |  5.0
Maces & Flails | 5 9 11 | 11.3
Invocations    | 5 7 |  7.0
Shields        | 5 |  5.0
Evocations     | 4 5 |  5.5
Dodging        | 4 |  4.3
Throwing       | |  2.0

Action                   |  1- 3 |  4- 6 |  7- 9 | 10-12 || total
-------------------------+-------+-------+-------+-------++-------
Melee: Quarterstaff      |   110 |   166 |   157 |       ||   433
       Whip              |       |       |   187 |   575 ||   762
Throw: Throwing net      |       |     2 |       |     5 ||     7
Invok: Animate Remains   |       |     5 |     5 |       ||    10
       Animate Dead      |       |       |     8 |    21 ||    29
       Injury Mirror     |       |       |       |     2 ||     2
       Recall Undead Sla |       |       |       |     1 ||     1
Evoke: Wand              |       |       |     2 |     3 ||     5
  Use: Scroll            |     9 |     5 |     6 |     7 ||    27
       Potion            |       |       |     1 |     3 ||     4
 Stab: Sleeping          |     1 |       |       |       ||     1
       Distracted        |       |       |     1 |       ||     1
       Paralysed         |       |       |       |     5 ||     5
  Eat: Chunk             |     1 |     6 |    13 |    20 ||    40
       Fruit             |       |       |     2 |     2 ||     4
       Bread ration      |       |       |       |     1 ||     1
Armor: Chain mail        |    58 |    69 |    20 |       ||   147
       Plate armour      |       |       |   195 |   325 ||   520
Dodge: Dodged            |    43 |    64 |   114 |   135 ||   356
Block: Buckler           |       |       |       |    57 ||    57
